AoeStats
← capitanhukz

Arena

509638324Analyzed
1v1 RM · 4d ago on Sep 27, 2026· 29m 18s· 2 players
Game mode
Random Map
Map size
Tiny (2 player)
Population
200
Speed
Normal
Resources
Standard
Victory
Conquest
Starting age
Dark Age
Ending age
Imperial Age
RankedLock teamsTeams togetherTeam positionsShared explorationLock speedFull tech treeHidden civsTurbo modeCheats
Victory
Defeat
🇨🇦 Slavs · Canada
401
+15
🇪🇸 Italians · Spain
372
-15
capitanhukz
1:05 Loom
14:09 Feudal Age
16:04 Double-Bit Axe
18:01 Horse Collar
20:49 Castle Age
23:12 Bow Saw
25:42 Gold Mining
25:46 Stone Mining
26:59 Wheelbarrow
26:38 Forging
26:30 Scale Mail Armor
26:36 Scale Barding Armor
25:55 Elite Skirmisher
27:05 Town Watch
28:53 Pikeman
Elguayos
12:34 Feudal Age
10:51 Loom
13:10 Man-at-Arms
13:37 Double-Bit Axe
13:35 Horse Collar
15:22 Forging
15:18 Scale Barding Armor
15:15 Scale Mail Armor
15:41 Gold Mining
15:41 Stone Mining
19:31 Wheelbarrow
23:34 Castle Age
24:59 Bloodlines
Connection lost

Rejoining the realm…

Still unreachable

The connection could not be restored.

Session expired

The server has moved on; the page needs a fresh start.